 Dungeon Crawl Stone Soup version 0.20.0-15-g7f486f2 (webtiles) character file.

976 Merkmirnix the Chopper (level 7, -6/56 HPs)
             Began as a Demonspawn Berserker on June 30, 2017.
             Splashed by a jelly's acid (7 damage)
             ... on level 5 of the Dungeon.
             The game lasted 00:58:16 (3548 turns).

Merkmirnix the Chopper (Demonspawn Berserker)       Turns: 3548, Time: 00:58:17

Health: -6/56      AC: -2    Str: 19    XL:     7   Next: 95%
Magic:  7/7        EV: 13    Int:  8    God:    Xom [....*.]
Gold:   190        SH:  0    Dex: 13    Spells: 6/6 levels left

rFire    . . .     SeeInvis .   a - +0 hand axe
rCold    + . .     Gourm    .   (no shield)
rNeg     . . .     Faith    .   e - +2 leather armour {MR+}
rPois    +         Spirit   .   (helmet restricted)
rElec    .         Reflect  .   (no cloak)
rCorr    .         Harm     .   (no gloves)
MR       +....                  (no boots)
Stlth    ++........             (no amulet)
Regen    0.2/turn               k - ring of poison resistance
MPRegen  0.1/turn               s - ring of protection from cold

@: corroded
A: horns 1, rot immunity, sturdy frame 1
a: Renounce Religion


You were on level 5 of the Dungeon.
You worshipped Xom.
You were a beloved toy of Xom.
You were not hungry.

You visited 1 branch of the dungeon, and saw 5 of its levels.

You collected 190 gold pieces.

Inventory:

Hand Weapons
 a - a +0 hand axe (weapon)
Missiles
 r - 8 tomahawks (quivered)
Armour
 b - a +0 animal skin
 d - a +2 centaur barding
 e - a +2 leather armour of magic resistance (worn)
Jewellery
 k - a ring of poison resistance (left hand)
 s - a ring of protection from cold (right hand)
Wands
 h - a wand of polymorph (16/24)
Scrolls
 f - a scroll of teleportation {unknown}
 i - 2 scrolls of remove curse {unknown}
 j - 3 scrolls of immolation {unknown}
 l - a scroll of recharging {unknown}
 n - a scroll of enchant weapon {unknown}
 o - 2 scrolls of identify {unknown}
 t - 3 scrolls of amnesia {unknown}
Potions
 w - a potion of mutation {unknown}
Comestibles
 c - 4 bread rations
 g - 2 meat rations
 p - 2 fruits


   Skills:
 + Level 5.1 Fighting
 + Level 6.2 Axes
 + Level 3.6 Armour
 + Level 3.3 Dodging
 + Level 1.7 Stealth


You had 6 spell levels left.
You didn't know any spells.

Dungeon Overview and Level Annotations

Branches:
Dungeon (5/15)
 Temple: D:4-7

Altars:
Ashenzari
Okawaru
Xom

Shops:
D:4 **

Annotations:
D:4 ajx's ghost, amateur MiBe


Innate Abilities, Weirdness & Mutations

You have a pair of small horns on your head.
You are immune to rotting.
Your movements are slightly less encumbered by armour. (ER -2)


Message History

The jelly hits you but does no damage.
You hit the jelly.
Your hands burn!
The jelly is lightly wounded.
The jelly hits you.
You are splashed with acid!
The acid burns!
* * * LOW HITPOINT WARNING * * *
You hit the jelly.
Your hands burn!
* * * LOW HITPOINT WARNING * * *
The jelly is heavily wounded.
The jelly closely misses you.
You hit the jelly. The acid corrodes you!
Your hands burn!
* * * LOW HITPOINT WARNING * * *
You headbutt the jelly.
The jelly is almost dead.
You feel a little less clever now. The jelly hits you.
* * * LOW HITPOINT WARNING * * *
Xom is mildly amused.
The acid corrodes you!
You are splashed with acid!
The acid burns!
You die...
Xom chuckles heartily!

#..........†........
#...................
W
######...##.##.##?.#
#...##.# .# .
#...##.. . #...#####
.. #...# ..
######...# ..#
#..J@...## #.#######


S J h O You could see a jelly.

Vanquished Creatures
  Pikel (D:4)
  Sigmund (D:2)
  2 slaves (D:4)
  A sky beast (D:5)
  3 orc priests
  An orc wizard (D:4)
  A centaur skeleton (D:5)
  A worker ant zombie (D:4)
  A gnoll (D:1)
  7 adders
  An ooze (D:5)
  A worm (D:3)
  3 leopard geckos
  7 orcs
  2 ball pythons
  A bat (D:3)
  5 giant cockroaches
  6 goblins
  8 hobgoblins
  2 quokkas
  A ball python zombie (D:3)
  5 frilled lizards
  6 kobolds
  8 rats
75 creatures vanquished.

Vanquished Creatures (collateral kills)
  A worker ant (D:5)
  A giant cockroach (D:5)
2 creatures vanquished.

Vanquished Creatures (others)
  A slave (D:4)
  A worker ant (D:4)
  2 orcs (D:4)
4 creatures vanquished.

Grand Total: 81 creatures vanquished

Notes
Turn   | Place    | Note
-------+----------+-------------------------------------------
     0 | D:1      | Merkmirnix the Demonspawn Berserker began the quest for the Orb.
     0 | D:1      | Reached XP level 1. HP: 18/18 MP: 1/1
    99 | D:1      | Gained mutation: You have a pair of small horns on your head. [demonic ancestry]
    99 | D:1      | Reached XP level 2. HP: 17/24 MP: 2/2
   100 | D:1      | Reached skill level 3 in Axes
   535 | D:1      | Reached XP level 3. HP: 29/29 MP: 3/3
   888 | D:2      | Found a faded altar of an unknown god.
   912 | D:2      | Noticed Sigmund
   918 | D:2      | Killed Sigmund
   918 | D:2      | Reached skill level 4 in Axes
   918 | D:2      | Gained mutation: You are immune to rotting. [demonic ancestry]
   918 | D:2      | Reached XP level 4. HP: 37/37 MP: 4/4
   918 | D:2      | Reached XP level 5. HP: 42/42 MP: 5/5
  1498 | D:2      | Reached ** piety under Trog
  1603 | D:3      | Found a shattered altar of Ashenzari.
  1630 | D:3      | Reached XP level 6. HP: 7/48 MP: 6/6
  2013 | D:3      | Found an iron altar of Okawaru.
  2436 | D:4      | Found Plog's Elemental Accessories.
  2442 | D:4      | Noticed a slave
  2444 | D:4      | Noticed Pikel
  2444 | D:4      | Noticed a slave
  2444 | D:4      | Noticed a slave
  2453 | D:4      | Killed a slave
  2455 | D:4      | Killed a slave
  2457 | D:4      | Noticed a slave
  2460 | D:4      | Killed Pikel
  2460 | D:4      | Reached skill level 5 in Axes
  2460 | D:4      | Reached skill level 1 in Stealth
  2460 | D:4      | Gained mutation: Your movements are slightly less encumbered by armour. (ER -2) [demonic ancestry]
  2460 | D:4      | Reached XP level 7. HP: 31/55 MP: 7/7
  2645 | D:4      | Noticed ajx's ghost (amateur MiBe)
  3098 | D:4      | Found Wipug's General Store.
  3111 | D:5      | Entered Level 5 of the Dungeon
  3256 | D:4      | Found a shimmering altar of Xom.
  3265 | D:4      | Reached skill level 6 in Axes
  3352 | D:4      | Fell from the grace of Trog
  3352 | D:4      | Became a worshipper of Xom of Chaos
  3389 | D:4      | XOM: potion effect (invisibility)
  3408 | D:4      | XOM: scenery: 1 doors open
  3444 | D:5      | Reached skill level 5 in Fighting
  3454 | D:5      | XOM: summons friendly shadow imp
  3486 | D:5      | XOM: divination: detect creatures
  3548 | D:5      | HP: 1/56 [jelly (2)]
  3548 | D:5      | Splashed by a jelly's acid

Skill      XL: |  1  2  3  4  5  6  7 |
---------------+----------------------+-----
Axes           | 3 4 5 6 |  6.2
Dodging        | 2 3 |  3.3
Armour         | 2 3 |  3.6
Fighting       | 4 5 |  5.1
Stealth        | 1 |  1.7

Action                   |  1- 3 |  4- 6 |  7- 9 || total
-------------------------+-------+-------+-------++-------
Melee: Hand axe          |    82 |   130 |    64 ||   276
       Headbutt          |    14 |    24 |    11 ||    49
Invok: Berserk           |     1 |     1 |     1 ||     3
  Use: Potion            |       |     1 |     3 ||     4
 Stab: Sleeping          |       |     2 |       ||     2
  Eat: Chunk             |       |     6 |     3 ||     9
       Fruit             |       |       |     2 ||     2
       Royal jelly       |       |       |     1 ||     1
Armor: Chain mail        |     4 |       |       ||     4
       Leather armour    |    18 |    28 |    16 ||    62
Dodge: Dodged            |    46 |    78 |    31 ||   155
